 Dungeon Crawl Stone Soup version 0.24.0-125-gc4c63601f3 (webtiles) character file.

Game seed: 13532200387717677706, levelgen mode: deterministic

1318 Glamhuggeren the Carver (level 8, -1/61 HPs)
             Began as a Demonspawn Gladiator on Mar 10, 2020.
             Slain by an orc warrior
             ... wielding a +0 glaive
              (17 damage)
             ... on level 6 of the Dungeon.
             The game lasted 00:22:34 (4943 turns).

Glamhuggeren the Carver (Demonspawn Gladiator)      Turns: 4943, Time: 00:22:34

Health: -1/61      AC: 20    Str: 18    XL:     8   Next: 33%
Magic:  8/8        EV: 13    Int: 10    God:
Gold:   410        SH:  0    Dex: 16    Spells: 7/7 levels left

rFire    . . .     SeeInvis .   a - +0 long sword
rCold    . . .     Gourm    .   (no shield)
rNeg     . . .     Faith    .   p - +0 leather armour {MR+}
rPois    .         Spirit   .   c - +0 helmet
rElec    .         Reflect  .   (no cloak)
rCorr    .         Harm     .   n - +0 pair of gloves
MR       +....                  (no boots)
Stlth    +.........             (no amulet)
HPRegen  0.20/turn              G - +3 ring of strength
MPRegen  0.11/turn              A - +3 ring of protection

@: sanguine armour
A: hooves 2, powered by death 1, sanguine armour 3
a: no special abilities


You were on level 6 of the Dungeon.
You were not hungry.

You visited 1 branch of the dungeon, and saw 6 of its levels.

You collected 410 gold pieces.

Inventory:

Hand Weapons
 a - a +0 long sword (weapon)
 t - a +0 flail of protection
Missiles
 d - a throwing net
 g - 119 stones (quivered)
 x - 17 poisoned darts
 y - 45 sling bullets
Armour
 c - a +0 helmet (worn)
 n - a +0 pair of gloves (worn)
 p - a +0 leather armour of magic resistance (worn)
 z - a +0 ring mail
 I - a cursed +0 ring mail
Jewellery
 b - an uncursed ring of poison resistance
 A - a +3 ring of protection (right hand)
 G - a +3 ring of strength (left hand)
Wands
 w - a wand of scattershot (4)
 D - a wand of random effects (19)
Scrolls
 e - 2 scrolls of random uselessness {unknown}
 h - a scroll of noise {unknown}
 i - a scroll of amnesia {unknown}
 m - 3 scrolls of remove curse {unknown}
 q - 5 scrolls of identify {unknown}
 v - a scroll of fear {unknown}
 B - 3 scrolls of teleportation {unknown}
 E - a scroll of immolation {unknown}
Potions
 j - 4 potions of brilliance {unknown}
 k - 2 potions of might {unknown}
 l - a potion of invisibility {unknown}
 o - 2 potions of cancellation {unknown}
 r - 4 potions of curing {unknown}
 s - a potion of resistance {unknown}
 u - 4 potions of heal wounds
 C - a potion of flight {unknown}
 H - 2 potions of haste {unknown}
Comestibles
 f - 9 rations
 F - 2 chunks of flesh


   Skills:
 - Level 4.5 Fighting
 * Level 8.8 Long Blades
 - Level 2.0 Throwing
 - Level 3.0 Dodging


You had 7 spell levels left.
You didn't know any spells.
Your spell library contained the following spells:

 Spells                   Type           Power        Failure   Level  Hunger
 Summon Small Mammal      Summ           #...         41%         1    ##.....
 Call Imp                 Summ           #.......     56%         2    ###....
 Call Canine Familiar     Summ           #.......     80%         3    ####...
 Summon Guardian Golem    Hex/Summ       #.......     80%         3    ####...
 Summon Ice Beast         Ice/Summ       #.......     99%         4    #####..
 Summon Lightning Spire   Summ/Air       #.......     99%         4    #####..


Dungeon Overview and Level Annotations

Branches:
Dungeon (6/15)
 Temple: D:4-7

Altars:
Gozag
Hepliaklqana
Makhleb
Ru
Yredelemnul


Innate Abilities, Weirdness & Mutations

You have hoof-like feet.
You regenerate a little health from kills.
When seriously injured, your bleeding wounds create very thick armour. (AC +12)


Message History

The orc warrior is lightly wounded.
The worker ant barely misses you.
The orc warrior hits you with a +0 glaive!!
* * * LOW HITPOINT WARNING * * *
Your blood congeals into armour.
The orc warrior barely misses you. The worker ant bites you.
* * * LOW HITPOINT WARNING * * *
You slash the worker ant! You kick the worker ant.
The worker ant is almost dead.
The worker ant closely misses you.
The orc warrior hits you from afar with a +0 glaive.
* * * LOW HITPOINT WARNING * * *
You hit the worker ant but do no damage.
Your kick misses the worker ant.
The worker ant is almost dead.
The worker ant closely misses you.
You hit the worker ant but do no damage.
The worker ant is almost dead.
The orc warrior hits you from afar with a +0 glaive!
You die...

## ##. #.) # ##.# #.
$# # #..###... .#.
#.....# ...# #...#.#
#.#.#
##########.....##.#.#
............###.@#.#
######.####.#...#a# #
#.# #.###..#o# # #.#
#....##.#.# # #.#
#..#.# #.#.# #.#
#....# ...#
.......###. .#.
#.###..# .# # # #.#
#... ..


You could see an orc warrior and a worker ant.

Vanquished Creatures
  Pikel (D:5)
  Sigmund (D:5)
  An ogre (D:5)
  The ghost of xominabeesuit the Gusty, an amateur TeAE (D:5)
  A bullfrog (D:6)
  A howler monkey (D:5)
  2 crimson imps (D:5)
  2 bullfrog zombies
  A hound (D:4)
  An orc priest (D:5)
  Crazy Yiuf (D:3)
  An iguana (D:5)
  2 worker ants
  3 adders
  An ooze (D:5)
  4 worms
  2 dart slugs (D:2)
  2 leopard geckos
  5 orcs
  12 bats
  6 giant cockroaches
  6 hobgoblins
  9 jackals
  4 quokkas
  A ball python (D:2)
  5 frilled lizards
  2 goblins (D:2)
  5 kobolds
  A quokka skeleton (D:4)
  6 rats
90 creatures vanquished.

Vanquished Creatures (others)
  An orc wizard (D:5)
  A worker ant (D:5)
  An orc (D:3)
  A giant cockroach zombie (D:5)
4 creatures vanquished.

Grand Total: 94 creatures vanquished

Notes
Turn   | Place    | Note
-------+----------+-------------------------------------------
     0 | D:1      | Glamhuggeren the Demonspawn Gladiator began the quest for
                  | the Orb.
     0 | D:1      | Reached XP level 1. HP: 16/16 MP: 1/1
   256 | D:1      | Gained mutation: You regenerate a little health from kills.
                  | [demonic ancestry]
   256 | D:1      | Reached XP level 2. HP: 19/22 MP: 2/2
   271 | D:1      | Reached skill level 3 in Long Blades
   745 | D:2      | Gained mutation: You have large cloven feet. [demonic
                  | ancestry]
   745 | D:2      | Reached XP level 3. HP: 27/27 MP: 3/3
   865 | D:2      | Reached skill level 4 in Long Blades
  1149 | D:2      | Found a burning altar of Makhleb.
  1176 | D:2      | Gained mutation: When seriously injured, your bleeding
                  | wounds create armour. (AC +12) [demonic ancestry]
  1176 | D:2      | Reached XP level 4. HP: 33/33 MP: 4/4
  1688 | D:3      | Found a runed translucent door.
  1689 | D:3      | Noticed Crazy Yiuf
  1700 | D:3      | Killed Crazy Yiuf
  2203 | D:3      | Found a sacrificial altar of Ru.
  2203 | D:3      | Found a basalt altar of Yredelemnul.
  2215 | D:3      | Gained mutation: When seriously injured, your bleeding
                  | wounds create thick armour. (AC +12) [demonic ancestry]
  2215 | D:3      | Reached XP level 5. HP: 36/39 MP: 5/5
  2725 | D:4      | Reached skill level 5 in Long Blades
  2734 | D:4      | Found a sacrificial altar of Ru.
  3023 | D:5      | Entered Level 5 of the Dungeon
  3376 | D:5      | Noticed a slave
  3377 | D:5      | Noticed a slave
  3378 | D:5      | Noticed Pikel
  3378 | D:5      | Noticed a slave
  3387 | D:5      | Noticed a slave
  3407 | D:5      | Killed Pikel
  3407 | D:5      | Reached skill level 6 in Long Blades
  3407 | D:5      | Reached XP level 6. HP: 20/49 MP: 6/6
  3407 | D:5      | Gained mutation: When seriously injured, your bleeding
                  | wounds create very thick armour. (AC +12) [demonic
                  | ancestry]
  3407 | D:5      | Reached XP level 7. HP: 22/55 MP: 7/7
  3611 | D:5      | Reached skill level 7 in Long Blades
  3821 | D:5      | Found a runed translucent gate.
  3821 | D:5      | Found an opulent altar of Gozag.
  3822 | D:5      | Found a runed translucent gate.
  3822 | D:5      | Found a runed translucent gate.
  3824 | D:5      | Noticed xominabeesuit's ghost (amateur TeAE)
  3884 | D:5      | Found a hazy altar of Hepliaklqana.
  4180 | D:5      | Noticed Sigmund
  4191 | D:5      | Killed Sigmund
  4191 | D:5      | Reached skill level 8 in Long Blades
  4191 | D:5      | Gained mutation: You have hoof-like feet. [demonic
                  | ancestry]
  4191 | D:5      | Reached XP level 8. HP: 61/61 MP: 8/8
  4802 | D:5      | Killed xominabeesuit's ghost
  4943 | D:6      | Slain by an orc warrior

Levels and vault maps discovered:
D:1:      giann_bridges, layout_rooms, roderic_serpentine_path,
          hangedman_decor_lopped
D:2:      lemuel_upstairs_altar, layout_basic, lemuel_crystal_altar
D:3:      layout_basic, gammafunk_temple_overflow_wave, first_ration,
          minmay_misc_feat_chi, uniq_crazy_yiuf_cottage
D:4:      layout_rooms, minmay_curled_crystal, serial_park_tiny_pond,
          nicolae_ru_awakened_eye
D:5:      layout_layer_cave, kennysheep_mini, ebering_ghost_gozag, uniq_sigmund,
          uniq_pikel
D:6:      layout_loops_corners, kennysheep_little_box,
          minmay_temple_entry_stoned_glass, minmay_starry_boxes

Skill      XL: |  1  2  3  4  5  6  7 |
---------------+----------------------+-----
Throwing       | 2 |  2.0
Dodging        | 3 |  3.0
Long Blades    | 3 4 6 8 |  8.8
Fighting       | 4 |  4.5

Action                   |  1- 3 |  4- 6 |  7- 9 || total
-------------------------+-------+-------+-------++-------
Melee: Long sword        |    80 |   132 |    91 ||   303
       Kick              |     9 |    36 |    35 ||    80
Throw: Throwing net      |       |     4 |     3 ||     7
 Stab: Distracted        |       |     1 |       ||     1
       Held in net/web   |       |       |     1 ||     1
  Eat: Chunk             |     1 |     7 |     3 ||    11
       Ration            |       |       |     1 ||     1
Armor: Leather armour    |    30 |    39 |    33 ||   102
Dodge: Dodged            |    74 |    84 |    61 ||   219
       Rpst.: Long sword |    31 |    17 |    13 ||    61
